 Dungeon Crawl Stone Soup version 0.24.0-37-gcf1ca852f1 (webtiles) character file.

Game seed: 13909033964734137103, levelgen mode: deterministic

58085 Johnny the Impaler (level 14, -4/118 HPs)
             Began as a Demigod Gladiator on Nov 24, 2019.
             Slain by an orc warrior
             ... wielding a +0 glaive
              (14 damage)
             ... on level 2 of the Orcish Mines.
             The game lasted 00:27:08 (19918 turns).

Johnny the Impaler (Demigod Gladiator)             Turns: 19918, Time: 00:27:08

Health: -4/118     AC: 15    Str: 25    XL:     14   Next: 13%
Magic:  20/20      EV: 18    Int: 12    God:
Gold:   1156       SH:  0    Dex: 22    Spells: 11/13 levels left

rFire    . . .     SeeInvis .   d - +6 halberd (chop)
rCold    . . .     Gourm    .   (shield currently unavailable)
rNeg     . . .     Faith    .   J - +0 storm dragon scales
rPois    +         Spirit   .   A - +0 helmet
rElec    +         Reflect  .   k - +0 cloak
rCorr    .         Harm     .   (no gloves)
MR       +....                  t - +2 pair of boots
Stlth    ..........             i - amulet of rage
HPRegen  0.29/turn              r - +3 ring of evasion
MPRegen  0.17/turn              y - ring of poison resistance

@: agile, berserk cooldown, slowed, very slow
A: high mp 1
a: Evoke Berserk Rage


You were on level 2 of the Orcish Mines.
You were not hungry.

You visited 2 branches of the dungeon, and saw 17 of its levels.

You collected 1474 gold pieces.
You spent 318 gold pieces at shops.

Inventory:

Hand Weapons
 d - a +6 halberd of chopping (weapon)
 x - the +3 rapier of the Asp {distort, rF+}
   (You found it on level 13 of the Dungeon)

   It warps and distorts space around it.
   Unwielding it can cause banishment or high damage.
   It protects you from fire.
 C - a +1 glaive
Missiles
 z - 3 throwing nets (quivered)
Armour
 k - a +0 cloak (worn)
 l - a +1 chain mail of fire resistance
 t - a +2 pair of boots (worn)
 w - a +0 troll leather armour
 A - a +0 helmet (worn)
 J - +0 storm dragon scales (worn)
Jewellery
 c - an uncursed ring of protection from cold
 i - an amulet of rage (around neck)
 r - a +3 ring of evasion (left hand)
 y - a ring of poison resistance (right hand)
Wands
 a - a wand of flame (13)
Scrolls
 b - 4 scrolls of remove curse
 g - 2 scrolls of noise
 h - a scroll of enchant armour
 j - a scroll of immolation
 o - 8 scrolls of teleportation
 u - 2 scrolls of amnesia
 D - a scroll of fog
 E - a scroll of vulnerability
 F - a scroll of magic mapping
 G - a scroll of silence {unknown}
 H - a scroll of brand weapon {unknown}
 I - 2 scrolls of blinking {unknown}
 K - a scroll of fear {unknown}
Potions
 m - 2 potions of agility
 n - a potion of might {unknown}
 p - 2 potions of degeneration
 q - a potion of resistance
 s - 4 potions of brilliance
 v - 2 potions of flight
Miscellaneous
 N - a box of beasts
Comestibles
 f - 16 rations


   Skills:
 - Level 9.1 Fighting
 * Level 19.8 Polearms
 - Level 1.7 Throwing
 - Level 2.6 Dodging
 - Level 3.3 Translocations
 - Level 3.1 Evocations


You had 11 spell levels left.
You knew the following spells:

 Your Spells              Type           Power        Failure   Level  Hunger
a - Blink                 Tloc           N/A          69%         2    ###....

Your spell library contained the following spells:

 Spells                   Type           Power        Failure   Level  Hunger
 Beastly Appendage        Tmut           #.....       95%         1    ##.....
 Freeze                   Ice            #...         95%         1    ##.....
 Magic Dart               Conj           #...         95%         1    ##.....
 Sandblast                Erth           #.....       95%         1    ##.....
 Shock                    Conj/Air       #...         95%         1    ##.....
 Call Imp                 Summ           #.......     98%         2    ###....
 Passwall                 Tmut/Erth      #.......     98%         2    ###....
 Slow                     Hex            #.......     98%         2    ###....
 Sticks to Snakes         Tmut           #.......     98%         2    ###....
 Swiftness                Chrm/Air       #.......     98%         2    ###....
 Throw Frost              Conj/Ice       #.....       98%         2    ###....
 Conjure Flame            Conj/Fire      #.......     100%        3    ####...
 Mephitic Cloud           Conj/Pois/Air  #.......     100%        3    ####...
 Ozocubu's Armour         Chrm/Ice       #.......     100%        3    ####...
 Spider Form              Tmut/Pois      #.........   100%        3    ####...
 Static Discharge         Conj/Air       #.......     100%        3    ####...
 Stone Arrow              Conj/Erth      #.....       100%        3    ####...
 Airstrike                Air            #.........   100%        4    #####..
 Cause Fear               Hex            #.........   100%        4    #####..
 Ice Form                 Ice/Tmut       #.......     100%        4    #####..
 Petrify                  Tmut/Erth      #.......     100%        4    #####..
 Summon Ice Beast         Ice/Summ       #.......     100%        4    #####..
 Throw Icicle             Conj/Ice       #.......     100%        4    #####..
 Blade Hands              Tmut           #.........   100%        5    ######.
 Lee's Rapid Deconstruct  Erth           #.........   100%        5    ######.
 Lightning Bolt           Conj/Air       #.........   100%        5    ######.
 Silence                  Hex/Air        #.........   100%        5    ######.
 Yara's Violent Unravell  Hex/Tmut       #.........   100%        5    ######.
 Deflect Missiles         Chrm/Air       #.........   100%        6    #######
 Discord                  Hex            #.........   100%        8    #######


Dungeon Overview and Level Annotations

Branches:
Dungeon (15/15)            Temple (0/1) D:4            Lair (0/6) D:11
    Orc (2/2) D:11            Elf (0/3) Orc:2        Vaults (0/5) D:13
 Depths (0/5) D:15

Shops:
D:7 (   D:11 [   D:12 [   D:13 [   Orc:1 ?

Annotations:
D:6 1 runed translucent door, H0rd4k's ghost, novice DEWz
Orc:2 3 runed translucent doors, happy's ghost, adept BaGl; hofbold's ghost, journeyman DsVM; iamserjio's ghost, journeyman OpGl


Innate Abilities, Weirdness & Mutations

You have an increased reservoir of magic. (+10% MP)


Message History

Unknown command.
Unknown command.
Unknown command.
Okay, then.
Okay, then.
Evoke which item? (* to show all) (? for menu, Esc to quit)
Okay, then.
Okay, then.
Unknown command.
Okay, then.
You feel agile all of a sudden. The orc warrior barely misses you.
The orc warrior completely misses you.
The orc knight unwields a +0 arbalest.
The orc knight wields a +2 dire flail.
The orc knight barely misses you.
The orc warrior hits you from afar with a +0 glaive!!
* * * LOW HITPOINT WARNING * * *
You feel better. The orc warrior completely misses you.
The orc knight barely misses you.
The orc warrior hits you from afar with a +0 glaive!
You die...

#.#..... .. ######<...... ...
##.#..#....... ...$.
#............. #.#.
##.#.......... ....##..
#.....<..#.#..
....#.....#...######.......#...#.
...#..........o#.##<........#.#..
..............)o@(.).......#####.
.............#o#)##.......#######
...$............###.#..))).#..#.#
.............[..#....#...........
....................#............
..............#....###...).......
......o#.....##...## ##.##.......
....o############## #...#)......
.o... ###.#........


You could see an orc knight and 2 orc warriors.

Vanquished Creatures
  Agnes (D:15)
  Kirke (D:15)
  A caustic shrike zombie (D:15)
  The ghost of opiumtea the Orderly, a journeyman HOFi of Makhleb (D:14)
  A stone giant (Orc:1)
  An ettin (Orc:1)
  Fannar (D:11)
  A hydra (D:12)
  Harold (D:8)
  A centaur warrior (D:15)
  Erica (D:8)
  13 two-headed ogres
  4 orc high priests (Orc:2)
  2 ogre magi
  A storm dragon zombie (D:15)
  2 skeletal warriors (D:15)
  An unseen horror (D:15)
  A phantasmal warrior (D:15)
  A sphinx zombie (D:15)
  A deep elf mage (D:12)
  A necromancer (D:15)
  3 orc knights
  Pikel (D:5)
  3 orc sorcerers (Orc:2)
  2 cyclopes
  3 ugly things
  Maurice (D:8)
  3 manticores
  An elephant (D:11)
  Joseph (D:8)
  Psyche (D:9)
  A yaktaur zombie (D:15)
  2 centaur skeletons
  A komodo dragon (D:13)
  2 freezing wraiths (D:15)
  An efreet (D:11)
  A merfolk (D:9)
  A wind drake (Orc:1)
  8 trolls
  7 slime creatures
  A dream sheep (Orc:1)
  5 hippogriffs
  25 yaks
  A wyvern (D:15)
  A human (D:11)
  A wraith (D:11)
  3 vampire mosquitoes (D:13)
  A hog (D:15)
  2 basilisks (D:11)
  5 hungry ghosts
  Grum (D:10)
  4 wargs
  3 soldier ants
  A water moccasin (D:10)
  27 orc warriors
  4 ice beasts
  2 black bears
  6 sky beasts
  4 wolves (D:10)
  9 ogres
  2 phantoms
  2 eyes of draining
  14 centaurs
  Blork the orc (D:4)
  7 bullfrogs
  2 big kobolds
  A gnoll sergeant (Orc:1)
  2 wyvern zombies
  2 scorpions (D:6)
  2 electric eels (D:12)
  A howler monkey (D:5)
  4 crimson imps
  4 centaur zombies
  2 bullfrog zombies
  A quasit (D:8)
  3 jellies
  A bullfrog skeleton (D:7)
  15 orc priests
  3 hounds
  An iguana (D:4)
  26 orc wizards
  11 worker ants
  2 human simulacra (D:10)
  A hound zombie (D:10)
  A hound skeleton (D:6)
  A howler monkey zombie (D:6)
  2 worker ant zombies (D:11)
  10 gnolls
  A howler monkey skeleton (D:9)
  13 adders
  3 shadow imps
  3 oozes
  A worm (D:3)
  2 dart slugs
  11 leopard geckos
  84 orcs
  9 giant cockroaches
  8 goblins
  10 hobgoblins
  15 jackals
  7 quokkas
  3 ball pythons
  4 bats
  3 frilled lizards
  A jackal zombie (D:5)
  21 kobolds
  8 rats
518 creatures vanquished.

Vanquished Creatures (collateral kills)
  A hydra (D:14)
  A kobold demonologist (D:14)
  A wyvern (D:14)
  3 yaks
  An orc wizard (D:13)
7 creatures vanquished.

Vanquished Creatures (others)
  4 humans (D:15)
  An orc wizard (D:5)
  3 orcs
  4 withered plants (Orc:2)
12 creatures vanquished.

Grand Total: 537 creatures vanquished

Notes
Turn   | Place    | Note
-------+----------+-------------------------------------------
     0 | D:1      | Johnny the Demigod Gladiator began the quest for the Orb.
     0 | D:1      | Reached XP level 1. HP: 17/17 MP: 3/3
    37 | D:1      | Reached skill level 3 in Polearms
    40 | D:1      | Reached XP level 2. HP: 15/24 MP: 4/4
   341 | D:1      | Reached XP level 3. HP: 20/30 MP: 5/5
   990 | D:2      | Found a radiant altar of Vehumet.
   998 | D:2      | Reached skill level 4 in Polearms
  1175 | D:2      | Reached XP level 4. HP: 37/37 MP: 6/6
  1430 | D:2      | Found a hazy altar of Hepliaklqana.
  1461 | D:2      | Found an ornate altar of the Wu Jian Council.
  1702 | D:2      | Found a shattered altar of Ashenzari.
  1947 | D:3      | Reached XP level 5. HP: 17/45 MP: 7/7
  2242 | D:3      | Found a sacrificial altar of Ru.
  2482 | D:4      | Reached skill level 5 in Polearms
  2488 | D:4      | Found a basalt altar of Yredelemnul.
  2493 | D:4      | Noticed an orc warrior
  2506 | D:4      | Killed an orc warrior
  2506 | D:4      | Reached XP level 6. HP: 7/52 MP: 8/8
  2740 | D:4      | Found a glowing golden altar of the Shining One.
  2868 | D:4      | Found a staircase to the Ecumenical Temple.
  2887 | D:4      | Reached skill level 6 in Polearms
  3307 | D:4      | Noticed Blork the orc
  3320 | D:4      | Killed Blork the orc
  3440 | D:4      | Noticed an angel
  3469 | D:5      | Entered Level 5 of the Dungeon
  3485 | D:5      | Reached XP level 7. HP: 60/60 MP: 9/9
  3495 | D:5      | Noticed Pikel
  3508 | D:5      | Killed Pikel
  3508 | D:5      | Reached skill level 5 in Fighting
  3508 | D:5      | Reached skill level 7 in Polearms
  4100 | D:6      | Found a runed translucent door.
  4115 | D:6      | Reached XP level 8. HP: 47/69 MP: 10/10
  4135 | D:6      | Reached skill level 8 in Polearms
  4164 | D:6      | Noticed H0rd4k's ghost (novice DEWz)
  4702 | D:6      | Reached skill level 9 in Polearms
  5204 | D:6      | Found a glowing golden altar of the Shining One.
  5878 | D:7      | Reached XP level 9. HP: 78/78 MP: 11/11
  6057 | D:7      | Reached skill level 10 in Polearms
  6475 | D:7      | Found Ymnoy's Antique Weapon Boutique.
  7294 | D:8      | Noticed Joseph
  7536 | D:8      | Noticed Harold
  7559 | D:8      | Noticed Erica
  7566 | D:8      | Killed Harold
  7566 | D:8      | Reached skill level 11 in Polearms
  7994 | D:8      | Found a white marble altar of Elyvilon.
  7995 | D:8      | Noticed Maurice
  8012 | D:8      | Killed Maurice
  8094 | D:8      | Killed Joseph
  8094 | D:8      | Reached XP level 10. HP: 59/88 MP: 13/13
  8379 | D:8      | Noticed a two-headed ogre
  8387 | D:8      | Killed a two-headed ogre
  8584 | D:8      | Found an iron altar of Okawaru.
  8655 | D:8      | Killed Erica
  8655 | D:8      | Reached skill level 12 in Polearms
  9010 | D:9      | Noticed a two-headed ogre
  9015 | D:9      | Killed a two-headed ogre
  9090 | D:9      | Found a shimmering altar of Xom.
  9158 | D:9      | Noticed Psyche
  9167 | D:9      | Killed Psyche
  9203 | D:9      | Reached skill level 1 in Evocations
  9646 | D:10     | Entered Level 10 of the Dungeon
  9646 | D:10     | Noticed a two-headed ogre
  9658 | D:10     | Killed a two-headed ogre
  9658 | D:10     | Reached skill level 13 in Polearms
  9756 | D:10     | Reached XP level 11. HP: 90/97 MP: 15/15
  9769 | D:10     | Noticed Grum
  9795 | D:10     | Killed Grum
 10426 | D:10     | Learned a level 2 spell: Blink
 10806 | D:11     | Found a staircase to the Lair.
 10815 | D:11     | Reached skill level 1 in Translocations
 11084 | D:11     | Noticed a two-headed ogre
 11097 | D:11     | Killed a two-headed ogre
 11214 | D:11     | Noticed a two-headed ogre
 11222 | D:11     | Killed a two-headed ogre
 11222 | D:11     | Reached skill level 14 in Polearms
 11364 | D:11     | Found a staircase to the Orcish Mines.
 11580 | D:11     | Found Luety's Armour Boutique.
 12065 | Orc:1    | Entered Level 1 of the Orcish Mines
 12065 | Orc:1    | Noticed Fannar
 12085 | D:12     | Noticed a seven-headed hydra
 12089 | D:12     | Noticed a deep elf mage
 12316 | D:12     | Killed an 11-headed hydra
 12328 | D:12     | Killed a deep elf mage
 12760 | D:12     | Noticed a two-headed ogre
 12770 | D:12     | Killed a two-headed ogre
 12770 | D:12     | Reached skill level 15 in Polearms
 12902 | D:12     | Found Axzaiblu's Antique Armour Emporium.
 12917 | D:12     | Reached XP level 12. HP: 92/104 MP: 17/17
 13985 | D:13     | Found Abluig's Armour Shoppe.
 13988 | D:13     | Got an ancient rapier
 14399 | D:13     | Reached skill level 16 in Polearms
 15006 | D:13     | Found a gate to the Vaults.
 15112 | D:14     | Noticed a six-headed hydra
 15121 | D:14     | Killed a six-headed hydra
 15205 | D:14     | Reached skill level 17 in Polearms
 15759 | D:14     | You fall into a shaft and drop 1 floor!
 15759 | D:15     | Entered Level 15 of the Dungeon
 15774 | D:15     | Noticed a centaur warrior
 15786 | D:15     | Killed a centaur warrior
 15981 | D:15     | Noticed Agnes
 16002 | D:15     | Killed Agnes
 16002 | D:15     | Reached XP level 13. HP: 111/111 MP: 18/18
 16010 | D:15     | Noticed Kirke
 16210 | D:15     | Killed Kirke
 16308 | D:15     | Found a staircase to the Depths.
 16339 | D:15     | Reached skill level 18 in Polearms
 17130 | D:14     | Found a runed translucent gate.
 17130 | D:14     | Found a runed translucent gate.
 17132 | D:14     | Found a runed translucent gate.
 17136 | D:14     | Noticed opiumtea's ghost (journeyman HOFi)
 17543 | D:14     | Killed opiumtea's ghost
 17655 | D:11     | Killed Fannar
 17715 | Orc:1    | Found Daraacw's Magic Scroll Emporium.
 17719 | Orc:1    | Noticed a stone giant
 18154 | Orc:1    | Killed a stone giant
 18217 | Orc:1    | Bought 3 scrolls of enchant weapon for 270 gold pieces
 18217 | Orc:1    | Bought a scroll of identify for 24 gold pieces
 18217 | Orc:1    | Bought a scroll of identify for 24 gold pieces
 18217 | Orc:1    | Identified the +3 rapier of the Asp {distort, rF+} (You
                  | found it on level 13 of the Dungeon)
 18329 | Orc:1    | Reached skill level 19 in Polearms
 18670 | Orc:2    | Entered Level 2 of the Orcish Mines
 18902 | Orc:2    | Found a runed translucent gate.
 18902 | Orc:2    | Found a runed translucent gate.
 18902 | Orc:2    | Found a runed translucent gate.
 18902 | Orc:2    | Noticed hofbold's ghost (journeyman DsVM)
 18925 | Orc:2    | Noticed iamserjio's ghost (journeyman OpGl)
 18925 | Orc:2    | Noticed happy's ghost (adept BaGl)
 18952 | Orc:2    | Found a staircase to the Elven Halls.
 19260 | Orc:2    | Reached XP level 14. HP: 110/118 MP: 20/20
 19917 | Orc:2    | HP: 2/118 [orc warrior/+0 glaive (26)]
 19918 | Orc:2    | Slain by an orc warrior

Levels and vault maps discovered:
D:1:      minmay_arrival_cross, layout_basic, st_stairs_1
D:2:      layout_basic, old_standard_altar, lemuel_doored_altar,
          lemuel_round_altar, vehumet_crystals, first_ration
D:3:      layout_rooms, old_standard_altar
D:4:      layout_basic, grunt_temple_overflow_holy_war,
          minmay_temple_entry_waves, uniq_blork_the_orc
D:5:      layout_loops_ring, uniq_pikel
D:6:      layout_loops_ring, ebering_ghost_sewer_d, nicolae_tso_carved_into_rock
D:7:      layout_layer_cave, serial_shops, shop
D:8:      layout_basic, kennysheep_little_box, kennysheep_okawaru_gauntlet,
          uniq_joseph, uniq_erica, uniq_maurice, uniq_harold
D:9:      layout_basic, lemuel_crystal_altar, hangedman_fish_farm, uniq_psyche
D:10:     layout_small_grid, bh_circular_ruins, uniq_grum
D:11:     layout_cave_pods, david_lair_generic, erik_orc_4, serial_shops, shop
D:12:     layout_basic, serial_shops, nicolae_shop_competitors_out_of_business
D:13:     layout_roguey, david_vaults_2, serial_shops, shop_statue
D:14:     layout_roguey, ebering_ghost_rock_garden, minmay_misc_feat_rugged
D:15:     gammafunk_depths_entry_grave, layout_loops_ring,
          hangedman_decor_peaks_small, elves_outpost_lemuel, uniq_agnes,
          uniq_kirke
Orc:1:    layout_caves, serial_shops,
          nicolae_shop_temple_entry_statues_fountains, sword_in_stone,
          uniq_fannar
Orc:2:    st_orc_congregation, layout_diamond_mine, gammafunk_ghost_cemetery

Skill      XL: |  1  2  3  4  5  6  7  8  9 10 11 12 13 |
---------------+----------------------------------------+-----
Fighting       | 2 3 4 5 6 8 9 |  9.1
Polearms       | 3 4 5 6 7 9 11 13 15 17 19 | 19.8
Evocations     | 2 3 |  3.1
Translocations | 3 |  3.3
Throwing       | |  1.7
Dodging        | |  2.6

Action                   |  1- 3 |  4- 6 |  7- 9 | 10-12 | 13-15 || total
-------------------------+-------+-------+-------+-------+-------++-------
Melee: Trident           |   144 |   219 |   449 |       |       ||   812
       Halberd           |       |       |    28 |   750 |   420 ||  1198
       Unarmed           |       |       |       |       |     1 ||     1
Throw: Throwing net      |       |     2 |     6 |     4 |       ||    12
 Abil: Evoke Berserk Rag |       |       |       |    10 |    12 ||    22
Evoke: Wand              |       |     9 |    10 |    29 |    28 ||    76
       Sack of spiders   |       |       |       |     8 |       ||     8
       Box of beasts     |       |       |       |     5 |       ||     5
  Use: Potion            |       |     1 |     9 |     3 |     3 ||    16
       Scroll            |       |       |    13 |     8 |     9 ||    30
 Stab: Sleeping          |     1 |       |       |       |       ||     1
       Paralysed         |       |       |     3 |       |       ||     3
       Invisible         |       |       |     6 |       |       ||     6
       Held in net/web   |       |       |       |     2 |       ||     2
       Distracted        |       |       |       |     1 |       ||     1
  Eat: Chunk             |       |     9 |    15 |    23 |    15 ||    62
       Ration            |       |       |       |     6 |     3 ||     9
Armor: Leather armour    |    46 |     1 |       |       |       ||    47
       Chain mail        |       |    96 |   153 |   149 |       ||   398
       Skin              |       |       |     8 |       |       ||     8
       Storm dragon scal |       |       |       |    85 |   119 ||   204
Dodge: Dodged            |   137 |    92 |   172 |   281 |   131 ||   813
